 Dungeon Crawl Stone Soup version 0.22.1-1-ga44c0e5 (webtiles) character file.

219 dvd the Gusty (level 5, -10/28 HPs)
             Began as a Deep Elf Air Elementalist on Oct 15, 2018.
             Mangled by Pikel
             ... wielding a +0 whip of electrocution
              (15 damage)
             ... on level 4 of the Dungeon.
             The game lasted 00:07:07 (2984 turns).

dvd the Gusty (Deep Elf Air Elementalist)           Turns: 2984, Time: 00:07:08

Health: -10/28     AC:  3    Str:  5    XL:     5   Next: 63%
Magic:  0/14       EV: 13    Int: 21    God:
Gold:   96         SH:  0    Dex: 15    Spells: 0/13 levels left

rFire    . . .     SeeInvis .   q - +0 rapier
rCold    . . .     Gourm    .   (no shield)
rNeg     . . .     Faith    .   a - +0 robe
rPois    .         Spirit   .   d - +0 helmet
rElec    .         Reflect  .   (no cloak)
rCorr    .         Harm     +   (no gloves)
MR       .....                  (no boots)
Stlth    ++........             i - amulet of harm
HPRegen  0.09/turn              (no ring)
MPRegen  0.14/turn              (no ring)

@: very slightly contaminated
A: no striking features
a: no special abilities


You were on level 4 of the Dungeon.
You were not hungry.

You visited 1 branch of the dungeon, and saw 4 of its levels.

You collected 96 gold pieces.

Inventory:

Hand Weapons
 b - a +0 short sword
 q - a +0 rapier (weapon)
Armour
 a - a +0 robe (worn)
 d - a +0 helmet (worn)
Jewellery
 i - an amulet of harm (around neck)
Scrolls
 e - 3 scrolls of identify {unknown}
 f - a scroll of teleportation {unknown}
 g - 3 scrolls of enchant weapon {unknown}
 l - a scroll of fear {unknown}
 m - a scroll of remove curse {unknown}
 p - a scroll of enchant armour {unknown}
Potions
 h - a potion of flight {unknown}
 j - 3 potions of haste {unknown}
 k - a potion of lignification {unknown}
 n - 2 potions of cancellation {unknown}
 o - a potion of heal wounds {unknown}
Comestibles
 c - 6 rations


   Skills:
 + Level 2.7 Dodging
 + Level 3.0 Stealth
 + Level 4.7 Spellcasting
 + Level 2.7 Conjurations
 * Level 4.9 Air Magic


You couldn't memorise any spells.
You knew the following spells:

 Your Spells              Type           Power        Failure   Level  Hunger
a - Shock                 Conj/Air       ###.         2%          1    None
b - Static Discharge      Conj/Air       ###.....     7%          3    ##.....
c - Airstrike             Air            ####......   16%         4    ####...
d - Lightning Bolt        Conj/Air       ###.......   54%         5    ######.

Your spell library contained the following spells:

 Spells                   Type           Power        Failure   Level  Hunger
 Swiftness                Chrm/Air       ###.....     6%          2    #......


Dungeon Overview and Level Annotations

Branches:
Dungeon (4/15)
 Temple: D:4-7

Altars:
Fedhas
Sif Muna

Annotations:
D:4 Pikel


Message History

Unknown command.
Unknown command.
Things that are here:
a short sword; a leather armour
Casting: Static Discharge (safe; 7% risk of failure)
Confirm with . or Enter, or press ? or * to list all spells.
Aiming: Shock (safe; 2% risk of failure)
Press: ? - help, Shift-Dir - straight line, f/p - Pikel
Aim: Pikel, wielding a whip of electrocution and wearing a robe (severely The zap hits Pikel.
Pikel is almost dead.
The zap hits the slave.
The slave is severely wounded.
The zap hits the slave.
The slave is moderately wounded.
Pikel hits you with a whip of electrocution.
* * * LOW HITPOINT WARNING * * *
You are electrocuted!
Ouch! That really hurt!
You die...

.#.###.....# ##.#....p#
.......###.####.##..).#
##............#.#####[#
..#....###.##.#..####p#
..#....# #.......##...##
.......######.......p..#
..........#####...p###....#
.......#.........K.## #####
................@...#
#....#..............#
#.<.................#
#.....#....#..........
#....####....##......##
##...# .... ##....... ....#
###. #.#.##... .###.. .....
... .#.


You could see Pikel and 3 slaves.

Vanquished Creatures
  A slave (D:4)
  A scorpion (D:3)
  2 orc wizards
  3 adders
  A howler monkey skeleton (D:4)
  A worm (D:3)
  A dart slug (D:1)
  A leopard gecko (D:1)
  5 orcs
  A ball python (D:2)
  5 bats
  8 giant cockroaches
  9 goblins
  6 hobgoblins
  3 frilled lizards
  12 kobolds
  9 rats
69 creatures vanquished.

Notes
Turn   | Place    | Note
-------+----------+-------------------------------------------
     0 | D:1      | dvd the Deep Elf Air Elementalist began the quest for the
                  | Orb.
     0 | D:1      | Reached XP level 1. HP: 10/10 MP: 6/6
   278 | D:1      | Reached XP level 2. HP: 15/15 MP: 0/8
   809 | D:2      | Reached XP level 3. HP: 19/19 MP: 5/9
   874 | D:2      | Found a deep blue altar of Sif Muna.
  1047 | D:2      | Learned a level 3 spell: Static Discharge
  1067 | D:2      | Found a blossoming altar of Fedhas.
  1779 | D:3      | Reached XP level 4. HP: 24/24 MP: 6/12
  1856 | D:3      | Learned a level 4 spell: Airstrike
  2175 | D:3      | Reached XP level 5. HP: 17/28 MP: 0/13
  2299 | D:3      | Learned a level 5 spell: Lightning Bolt
  2948 | D:4      | Noticed a slave
  2948 | D:4      | Noticed a slave
  2950 | D:4      | Noticed a slave
  2950 | D:4      | Noticed Pikel
  2951 | D:4      | Noticed a slave
  2978 | D:4      | Killed a slave
  2984 | D:4      | Mangled by Pikel

Skill      XL: |  1  2  3  4 |
---------------+-------------+-----
Air Magic      | 4 |  4.9
Spellcasting   | 4 |  4.7
Stealth        | 3 |  3.0
Conjurations   | 2 |  2.7
Dodging        | |  2.7

Action                   |  1- 3 |  4- 6 || total
-------------------------+-------+-------++-------
Melee: Short sword       |     1 |       ||     1
       Unarmed           |     1 |       ||     1
       Rapier            |       |     8 ||     8
 Cast: Shock             |    82 |    45 ||   127
       Airstrike         |       |     2 ||     2
       Static Discharge  |       |     8 ||     8
 Stab: Sleeping          |     2 |       ||     2
  Eat: Chunk             |     2 |     5 ||     7
Armor: Robe              |     4 |     2 ||     6
Dodge: Dodged            |    12 |     9 ||    21
